 Dungeon Crawl Stone Soup version 0.27.1-34-g3ba077fa99 (webtiles) character file.

Game seed: 3152800559195593847

25 Atelerd the Digger (level 3, 0/21 HPs)
             Began as an Octopode Earth Elementalist on Jan 4, 2022.
             Slain by a hobgoblin (4 damage)
             ... on level 1 of the Dungeon.
             The game lasted 00:00:43 (1559 turns).

Atelerd the Digger (Octopode Earth Elementalist)    Turns: 1559, Time: 00:00:44

Health: 0/21       AC:  1    Str:  7    XL:     3   Next: 6%
Magic:  14/15      EV: 13    Int: 18    God:
Gold:   29         SH:  0    Dex: 12    Spells: 5/6 levels left

rFire    . . .     SeeInvis .   a - +0 dagger
rCold    . . .     Faith    .   (no shield)
rNeg     . . .     Spirit   .   (helmet restricted)
rPois    .         Reflect  .   (no amulet)
rElec    .         Harm     .   f - ring of magical power
rCorr    .         Rampage  .   (no ring)
Will     .....                  (no ring)
Stlth    +++.......             (no ring)
HPRegen  0.07/turn              (no ring)
MPRegen  0.14/turn              (no ring)
                                (no ring)
                                (no ring)

@: no status effects
A: almost no armour, amphibious, 8 rings, camouflage 1, gelatinous body 1,
(nimble swimmer 1), tentacles
a: no special abilities


You were on level 1 of the Dungeon.
You visited 1 branch of the dungeon, and saw 2 of its levels.

You collected 29 gold pieces.

Inventory:

Hand Weapons
 a - a +0 dagger (weapon)
Missiles
 b - 29 stones
Jewellery
 f - a ring of magical power (left tentacle)
Scrolls
 c - a scroll of summoning {unknown}
 d - a scroll of identify {unknown}
 e - a scroll of teleportation {unknown}


   Skills:
 - Level 2.0 Dodging
 - Level 2.6 Stealth
 + Level 2.4 Spellcasting
 + Level 1.8 Transmutations
 + Level 3.4 Earth Magic


You had 5 spell levels left.
You knew the following spells:

 Your Spells              Type           Power      Damage    Failure   Level
a - Sandblast             Erth           28%        2d8       4%          1

Your spell library contained the following spells:

 Spells                   Type           Power      Damage    Failure   Level
 Passwall                 Tmut/Erth      9%         N/A       9%          2
 Stone Arrow              Conj/Erth      16%        3d8       26%         3
 Petrify                  Tmut/Erth      11%        N/A       52%         4


Dungeon Overview and Level Annotations

Branches:
Dungeon (2/15)

Altars:


Innate Abilities, Weirdness & Mutations

You cannot wear most types of armour.
You are amphibious.
You can wear up to eight rings at the same time.
Your skin changes colour to match your surroundings (Stealth+).
Your rubbery body absorbs attacks. (AC +1, EV +1)
((You are camouflaged near water. (Stealth+)))
You have tentacles for arms and can constrict up to eight enemies at once.


Message History

The quokka closely misses you.
You closely miss the quokka. Your grab misses the quokka.
The quokka closely misses you.
A ball python comes into view.
You barely miss the quokka.
The ball python hisses angrily.
Your grab misses the quokka. The quokka bites you.
The hobgoblin closely misses you.
The blast of sand hits the quokka.
The quokka is severely wounded.
The quokka closely misses you. The hobgoblin closely misses you.
The quokka closely misses you. The goblin hits you with a +0 dagger.
The blast of sand hits the quokka.
You kill the quokka!
The hobgoblin hits you. The goblin hits you with a +0 dagger.
Unknown command.
There is a stone staircase leading up here.
You climb upwards.
There is a stone staircase leading down here.
You are too injured to fight recklessly!
You are too injured to fight recklessly!
You are too injured to fight recklessly!
You are too injured to fight recklessly!
You are too injured to fight recklessly!
You are too injured to fight recklessly!
You are too injured to fight recklessly!
You are too injured to fight recklessly!
You are too injured to fight recklessly!
You are too injured to fight recklessly!
You hit the hobgoblin but do no damage. Your grab misses the hobgoblin.
Your squeeze misses the hobgoblin. The hobgoblin closely misses you.
You hit the hobgoblin but do no damage. Your grab misses the hobgoblin.
The hobgoblin hits you.
* * * LOW HITPOINT WARNING * * *
You closely miss the hobgoblin. You grab the hobgoblin.
You squeeze the hobgoblin.
The hobgoblin is moderately wounded.
You constrict the hobgoblin, but do no damage.
The hobgoblin hits you.
You die...

#.....# #.....# ####.###
###.### #.....# #......#
#.# #.....# #.##)#.# #.#
#.....# #.#..#.# #.#
##...## #.#.##.# #.#
##.#.#.## #.#.##.# #.#
#.....#.####.....># #.#
##.#..[........####
#.######@...#############
#.......g#.## #....... ##
##########.# #.#####.
.######### #.# #.#####.
.........# ##.## #.##....
.#######.# #...# #.##.##.
## #.# #...# #.......
###.##### #...# #.......
#.......# #...# #.##.###


You could see a hobgoblin.

Vanquished Creatures
  A dart slug (D:1)
  3 endoplasms (D:1)
  2 goblins (D:1)
  A hobgoblin (D:1)
  3 quokkas
  3 ball pythons (D:1)
  A bat (D:1)
  3 frilled lizards (D:1)
  3 kobolds (D:1)
  A rat (D:1)
21 creatures vanquished.

Notes
Turn   | Place    | Note
-------+----------+-------------------------------------------
     0 | D:1      | Atelerd the Octopode Earth Elementalist began the quest for
                  | the Orb.
     0 | D:1      | Reached XP level 1. HP: 11/11 MP: 3/3
    11 | D:1      | Noticed an ogre
   184 | D:1      | Reached XP level 2. HP: 8/17 MP: 3/5
  1144 | D:1      | Reached XP level 3. HP: 11/21 MP: 6/6
  1559 | D:1      | Slain by a hobgoblin

Illustrated notes

Levels and vault maps discovered:
D:1:      evilmike_arrival_come_back, layout_loops_cross
D:2:      layout_basic, hellmonk_ecumenical_altar_pennies_from_heaven,
          uniq_jessica

Action                   || total
-------------------------++-------
Melee: Dagger            ||    39
       Constrict         ||     7
       Tentacles         ||     5
 Cast: Sandblast         ||     7
 Stab: Sleeping          ||     9
Armor: Skin              ||     2
Dodge: Dodged            ||    23
